 Dungeon Sprint DCSS version 0.28-a0-863-g8cecda6153 (webtiles) character file.

Game seed: 14538516215216839278

9580 emperorscorpion the Eclecticist (level 11, -5/71 HPs)
             Began as a Djinni Air Elementalist on Nov 17, 2021.
             Was the Champion of Makhleb.
             Killed by the air
             ... invoked by Gastronok
              (35 damage)
             ... in the Dungeon (Sprint IX: "|||||||||||||||||||||||||||||").
             The game lasted 00:09:00 (1476 turns).

emperorscorpion the Eclecticist (DjAE)              Turns: 1476, Time: 00:09:02

Health: -5/71      AC: 12    Str:  7    XL:     11   Next: 77%
Gold:   43         EV: 15    Int: 28    God:    Makhleb [******] SH:  0 Dex: 17

rFire   + + .      SeeInvis .   k - +4 dagger "Morg" {pain, Will+ Int+5}
rCold   x . .      Faith    .   (no shield)
rNeg    . . .      Spirit   .   n - +2 ring mail
rPois   ∞          Reflect  .   m - +0 helmet
rElec   .          Harm     .   l - +0 cloak
rCorr   .          Rampage  .   w - +0 pair of gloves
Will    ++...      NoTele   +   (boots unavailable)
Stlth   ++........              (no amulet)
HPRegen 0.21/turn               o - +3 ring of intelligence
MPRegen 0.00/turn               p - +3 ring of dexterity

@: flying
A: sickness immunity, fire resistance 2, cold vulnerability 1, float, innate
caster, hp casting, extra vitality 1
a: Renounce Religion, Minor Destruction, Lesser Servant of Makhleb, Major
Destruction, Greater Servant of Makhleb


You were in the Dungeon.
You worshipped Makhleb.
Makhleb was exalted by your worship.
You visited 1 branch You collected 43 gold pieces.

Inventory:

Hand Weapons
 b - a +1 shortbow of flaming
 k - the +4 dagger "Morg" (weapon) {pain, Will+ Int+5}
   (You found it in the Dungeon)

   In the hands of one skilled in necromantic magic, it inflicts extra damage on
   living creatures.
   Your inability to study Necromancy prevents you from drawing on the full
   power of this weapon.
   Int:       It affects your intelligence (+5).
   Will:      It increases your willpower.
Missiles
 c - 34 arrows
Armour
 a - a +0 robe
 f - +0 acid dragon scales
 l - a +0 cloak (worn)
 m - a +0 helmet (worn)
 n - a +2 ring mail (worn)
 w - a +0 pair of gloves (worn)
Jewellery
 o - a +3 ring of intelligence (left hand)
 p - a +3 ring of dexterity (right hand)
Wands
 j - a wand of iceblast (6)
Scrolls
 r - 3 scrolls of fog
 s - 2 scrolls of enchant armour
 t - 2 scrolls of identify
 u - a scroll of fear
 v - 3 scrolls of summoning
Potions
 d - a potion of haste
 e - a potion of berserk rage
 g - a potion of invisibility
 h - 2 potions of mutation
 i - 4 potions of curing
 q - 9 potions of heal wounds


   Skills:
 + Level 3.1 Fighting
 + Level 5.9 Armour
 + Level 11.6 Dodging
 - Level 5.2 Stealth
 + Level 17.5 Spellcasting
 * Level 9.5 Invocations
 - Level 1.4 Evocations


You had 22 spell levels left.
You knew the following spells:

 Your Spells              Type           Power      Damage    Failure   Level
a - Shock                 Conj/Air       100%       1d9       0%          1
b - Static Discharge      Conj/Air       89%        N/A       0%          2
c - Swiftness             Air            89%        N/A       0%          3
d - Airstrike             Air            44%        N/A       1%          4
e - Freeze                Ice            100%       1d11      0%          1
f - Passwall              Tmut/Erth      74%        N/A       0%          2
g - Frozen Ramparts       Ice            100%       1d12      0%          3
h - Summon Guardian Gole  Hex/Summ       89%        N/A       0%          3
i - Petrify               Tmut/Erth      89%        N/A       1%          4
Your spell library was empty.

Dungeon Overview and Level Annotations

Branches:
Dungeon (1/1)

Altars:
Cheibriados
Dithmenos
Elyvilon
Fedhas
Gozag
Hepliaklqana
Kikubaaqudgha
Makhleb
Nemelex Xobeh
Okawaru
Qazlal
Ru
Sif Muna
Trog
Uskayaw
Vehumet
Wu Jian
Xom
Yredelemnul
Zin
The Shining One
Beogh
Jiyva
Lugonu

Annotations:
D Gastronok


Innate Abilities, Weirdness & Mutations

You are immune to sickness and miasma.
You are immune to poison.
Your flesh is very heat resistant. (rF++)
You are vulnerable to cold. (rC-)
You float through the air rather than walking.
You learn spells naturally, not from books.
Your magical power is your life essence.
You have superior vitality. (+4 HP)


Message History

Unknown command.
Unknown command.
Casting: Static Discharge (safe; 0% risk of failure)
Confirm with . or Enter, or press ? or * to list all spells.
Gastronok is struck by an arc of lightning!
Gastronok is heavily wounded.
You are struck by an arc of lightning.
Gastronok is struck by an arc of lightning.
Gastronok is heavily wounded.
You are struck by an arc of lightning.
The lightning grounds out.
The wall freezes Gastronok!
Gastronok barely misses you.
Unknown command.
Casting: Static Discharge (safe; 0% risk of failure)
Confirm with . or Enter, or press ? or * to list all spells.
The air crackles with electrical energy.
The frozen ramparts melt away.
Unknown command.
Unknown command.
Casting: Static Discharge (safe; 0% risk of failure)
Confirm with . or Enter, or press ? or * to list all spells.
Gastronok is struck by an arc of lightning!
Gastronok is severely wounded.
You are struck by an arc of lightning.
The lightning grounds out.
Gastronok bites you.
Unknown command.
Unknown command.
Casting: Static Discharge (safe; 0% risk of failure)
Confirm with . or Enter, or press ? or * to list all spells.
Gastronok is struck by an arc of lightning.
Gastronok is severely wounded.
You are struck by an arc of lightning.
Unknown command.
Casting: Static Discharge (safe; 0% risk of failure)
Confirm with . or Enter, or press ? or * to list all spells.
Gastronok is struck by an arc of lightning!
Gastronok is almost dead.
You are struck by an arc of lightning.
Gastronok waves his eye-stalks in wide circles.
The air twists around and strikes you!!
You die...

▓.▓.▓.▓
▓.▓.▓[▓.▓
▓(▓.▓.▓.▓
▓.▓.▓[▓.▓
▓.▓.▓[▓.▓
▓.▓.▓.▓.▓
▓.▓.▓.▓.▓
▓.▓.▓'▓w▓
▓.▓.▓.▓@▓
▓'▓.▓.▓9▓
▓.▓.▓.▓.▓
▓...▓...▓
▓▓▓▓▓▓▓▓▓


You could see Gastronok (ally target) and a friendly guardian golem (summoned).

Vanquished Creatures
  2 hydras (D)
  A centaur warrior (D)
  3 two-headed ogres (D)
  A cyclops (D)
  A black mamba (D)
  5 cane toads (D)
  3 komodo dragons (D)
  4 polar bears (D)
  A slime creature (D)
  A dream sheep (D)
  A yak (D)
  A basilisk (D)
  A water moccasin (D)
  An acid dragon (D)
  4 black bears (D)
  2 centaurs (D)
  A kobold brigand (D)
  4 bullfrogs (D)
  A hound (D)
  An orc wizard (D)
  An iguana (D)
  An adder skeleton (D)
  A dart slug (D)
  An orc (D)
  A ball python (D)
  2 endoplasms (D)
  A quokka (D)
47 creatures vanquished.

Vanquished Creatures (others)
  A boulder beetle (D)
1 creature vanquished.

Grand Total: 48 creatures vanquished

Notes
Turn   | Place    | Note
-------+----------+-------------------------------------------
     0 | D        | emperorscorpion the Djinni Air Elementalist began the quest
                  | for the Orb.
     0 | D        | Reached XP level 1. HP: 15/15 MP: 0/0
     6 | D        | Reached skill level 3 in Spellcasting
     8 | D        | Reached XP level 2. HP: 8/21 MP: 0/0
   180 | D        | Noticed a centaur
   187 | D        | Reached skill level 4 in Spellcasting
   187 | D        | Reached XP level 3. HP: 12/25 MP: 0/0
   187 | D        | Learned a level 1 spell: Freeze
   190 | D        | Killed a centaur
   191 | D        | Reached skill level 7 in Spellcasting
   191 | D        | Reached XP level 4. HP: 5/31 MP: 0/0
   191 | D        | Reached XP level 5. HP: 6/36 MP: 0/0
   191 | D        | Learned a level 2 spell: Passwall
   193 | D        | Reached skill level 5 in Dodging
   451 | D        | Found a snail-covered altar of Cheibriados.
   451 | D        | Found a shadowy altar of Dithmenos.
   451 | D        | Found a white marble altar of Elyvilon.
   451 | D        | Found a blossoming altar of Fedhas.
   451 | D        | Found an opulent altar of Gozag.
   452 | D        | Found a hazy altar of Hepliaklqana.
   453 | D        | Found a viscous altar of Jiyva.
   455 | D        | Found a corrupted altar of Lugonu.
   456 | D        | Found a burning altar of Makhleb.
   457 | D        | Found a sparkling altar of Nemelex Xobeh.
   458 | D        | Found an iron altar of Okawaru.
   459 | D        | Found a stormy altar of Qazlal.
   460 | D        | Found a sacrificial altar of Ru.
   462 | D        | Found a bloodstained altar of Trog.
   463 | D        | Found a hide-covered altar of Uskayaw.
   464 | D        | Became a worshipper of Makhleb the Destroyer
   466 | D        | Found an ornate altar of the Wu Jian Council.
   467 | D        | Found a shimmering altar of Xom.
   468 | D        | Found a basalt altar of Yredelemnul.
   469 | D        | Found a glowing silver altar of Zin.
   470 | D        | Found a glowing golden altar of the Shining One.
   478 | D        | Found the +4 dagger "Morg" {pain, Will+ Int+5}
   521 | D        | Noticed a centaur
   521 | D        | Noticed a kobold brigand
   521 | D        | Noticed an acid dragon
   521 | D        | Noticed a two-headed ogre
   521 | D        | Noticed a two-headed ogre
   527 | D        | Killed a centaur
   528 | D        | Reached skill level 8 in Spellcasting
   528 | D        | Reached XP level 6. HP: 28/41 MP: 0/0
   528 | D        | Reached * piety under Makhleb
   528 | D        | Killed an acid dragon
   529 | D        | Reached skill level 1 in Armour
   529 | D        | Reached skill level 9 in Spellcasting
   529 | D        | Reached XP level 7. HP: 31/46 MP: 0/0
   529 | D        | Learned a level 3 spell: Frozen Ramparts
   532 | D        | Killed a two-headed ogre
   533 | D        | Reached skill level 1 in Fighting
   533 | D        | Reached skill level 11 in Spellcasting
   533 | D        | Reached skill level 1 in Evocations
   533 | D        | Reached XP level 8. HP: 37/52 MP: 0/0
   535 | D        | Killed a two-headed ogre
   535 | D        | Reached ** piety under Makhleb
   536 | D        | Reached skill level 5 in Stealth
   536 | D        | Reached skill level 12 in Spellcasting
   536 | D        | Reached XP level 9. HP: 32/57 MP: 0/0
   536 | D        | Learned a level 3 spell: Summon Guardian Golem
   546 | D        | Noticed a cyclops
   546 | D        | Noticed a slime creature
   546 | D        | Noticed a boulder beetle
   546 | D        | Noticed a centaur warrior
   546 | D        | Noticed a seven-headed hydra
   546 | D        | Noticed a two-headed ogre
   672 | D        | Killed a cyclops
   673 | D        | Reached skill level 13 in Spellcasting
   674 | D        | Killed a slime creature
   974 | D        | Killed a centaur warrior
   975 | D        | Reached skill level 14 in Spellcasting
   977 | D        | Killed a boulder beetle
   977 | D        | Reached *** piety under Makhleb
   978 | D        | Reached skill level 5 in Invocations
   978 | D        | Reached XP level 10. HP: 23/64 MP: 0/0
   985 | D        | Killed a seven-headed hydra
   986 | D        | Reached skill level 10 in Dodging
   986 | D        | Reached skill level 15 in Spellcasting
   989 | D        | Killed a two-headed ogre
  1307 | D        | Noticed a komodo dragon
  1307 | D        | Noticed a cane toad
  1309 | D        | Noticed a cane toad
  1310 | D        | Reached **** piety under Makhleb
  1311 | D        | Noticed a komodo dragon
  1313 | D        | Killed a komodo dragon
  1313 | D        | Noticed a komodo dragon
  1315 | D        | Killed a cane toad
  1316 | D        | Killed a cane toad
  1317 | D        | Reached skill level 16 in Spellcasting
  1317 | D        | Reached XP level 11. HP: 69/69 MP: 0/0
  1317 | D        | Learned a level 4 spell: Petrify
  1321 | D        | Reached ***** piety under Makhleb
  1333 | D        | Noticed an eight-headed hydra
  1341 | D        | Reached skill level 5 in Armour
  1342 | D        | Killed an eight-headed hydra
  1347 | D        | Reached skill level 17 in Spellcasting
  1350 | D        | Reached ****** piety under Makhleb
  1460 | D        | Noticed Gastronok
  1476 | D        | Killed from afar by Gastronok

Illustrated notes

Levels and vault maps discovered:
D:        linesprint [early_d, line_temple, items_1, d_10, items_2, lair_1,
          lair_end, items_3, orc_1, orc_end, items_4, d_15, swamp_1, shoals_1,
          snake_1, spider_1, d_20, vaults_1, items_5, swamp_end, shoals_end,
          snake_end, spider_end, vaults_end, d_27, items_6, zot_1, zot_end,
          crypt_end, forest_end, elf_end, slime_end, tomb_end, abyss_end,
          pan_hell_end]

Skill      XL: |  1  2  3  4  5  6  7  8  9 10 11 |
---------------+----------------------------------+-----
Spellcasting   | 3 4 7 8 9 11 12 14 16 17 | 17.5
Dodging        | 3 4 5 6 8 9 10 11 | 11.6
Stealth        | 2 3 4 5 |  5.2
Armour         | 1 2 3 4 5 |  5.9
Fighting       | 1 2 3 |  3.1
Evocations     | 1 |  1.4
Invocations    | 5 7 9 |  9.5

Action                   |  1- 3 |  4- 6 |  7- 9 | 10-12 || total
-------------------------+-------+-------+-------+-------++-------
 Cast: Shock             |    10 |     9 |    13 |    47 ||    79
       Static Discharge  |     1 |       |     7 |    16 ||    24
       Frozen Ramparts   |       |       |     2 |     6 ||     8
       Summon Guardian G |       |       |     2 |     1 ||     3
Evoke: Wand              |       |       |     2 |     2 ||     4
  Use: Potion            |     2 |       |     2 |       ||     4
       Scroll            |       |       |     1 |     1 ||     2
Armor: Robe              |     6 |       |       |       ||     6
       Ring mail         |       |     1 |     2 |    20 ||    23
Dodge: Dodged            |    10 |     2 |     3 |    21 ||    36

Table legend: (Time is in decaauts)
 A = Elapsed time spent in this place.
 B = Non-inter-level travel time spent in this place.
 C = Inter-level travel time spent in this place.
 D = Time resting spent in this place.
 E = Time spent auto-exploring this place.
 F = Levels seen in this place.
 G = Mean time per level.
                   A        B        C        D        E       F      G
               +--------+--------+--------+--------+--------+-----+--------+
         Total |   1474 |   1474 |      0 |   1045 |    100 |   1 | 1474.0 |
       Dungeon |   1474 |   1474 |      0 |   1045 |    100 |   1 | 1474.0 |
               +--------+--------+--------+--------+--------+-----+--------+

Top non-repeatable levels by time:
       D: 1474 daAuts
